General information
- name: BNet
- type: Ladder team game (AT/RT)
- host: Battle.net
- saver: iim7b5V7i
map: CopperCanyon
- players: 6
- length: 40:03
- speed: Fast
- version: 1.26 W3XP
- replay type:

» download(342 KB)
Players
team 1 (loser)
krokox (
purple | 83 APM | 3342 actions | 40:01)
4 Shadow Hunter
2 Hex
2 Healing Wave
» actions
| Assign group hotkey | 111 | |
| Basic commands | 56 | |
| Build / train | 61 | |
| ESC pressed | 2 | |
| Enter build submenu | 20 | |
| Enter hero's abilities submenu | 6 | |
| Right click | 1734 | |
| Select / deselect | 633 | |
| Select group hotkey | 579 | |
| Use ability | 139 | |
3342 total
» units
| Peon | 10 | |
| Troll Headhunter/Berserker | 9 | |
| Demolisher | 5 | |
| Kodo Beast | 1 | |
| Troll Witch Doctor | 6 | |
31 total
» upgrades
| Ranged Weapons | 3 | |
| Armor | 3 | |
| Troll Regeneration | 1 | |
| Berserker Upgrade | 1 | |
| Burning Oil | 1 | |
| Reinforced Defenses | 1 | |
| War Drums Damage Increase | 1 | |
| Witch Doctor Training | 2 | |
13 total
» buildings
| Altar of Storms | 1 | |
| Orc Burrow | 5 | |
| War Mill | 2 | |
| Barracks | 2 | |
| Voodoo Lounge | 1 | |
| Stronghold | 1 | |
| Fortress | 1 | |
| Beastiary | 1 | |
| Spirit Lodge | 2 | |
| Great Hall | 2 | |
| Watch Tower | 9 | |
27 total
» build order
00:06 Altar of Storms
00:22 Orc Burrow
00:56 War Mill
01:17 Barracks
01:51 Orc Burrow
02:26 Voodoo Lounge
03:06 Barracks
04:04 Stronghold
04:44 Orc Burrow
06:33 Fortress
08:04 Orc Burrow
10:13 Orc Burrow
13:27 Beastiary
13:32 Spirit Lodge
13:40 War Mill
17:16 Great Hall
17:19 Great Hall
18:40 Spirit Lodge
22:44 Watch Tower
22:44 Watch Tower
22:45 Watch Tower
22:45 Watch Tower
23:58 Watch Tower
23:59 Watch Tower
24:00 Watch Tower
24:00 Watch Tower
24:02 Watch Tower
» items
| Dust of Appearance | 1 | |
| Scroll of Town Portal | 2 | |
| Orb of Lightning | 1 | |
| Healing Salve | 1 | |
| Lesser Clarity Potion | 1 | |
| Scroll of Speed | 1 | |
7 total
smoOFY (
red | 100 APM | 3945 actions | 39:35)
5 Pandaren Brewmaster
2 Drunken Haze
3 Breath of Fire
» actions
| Assign group hotkey | 83 | |
| Basic commands | 141 | |
| Build / train | 85 | |
| Enter build submenu | 25 | |
| Enter hero's abilities submenu | 7 | |
| Give item / drop item | 4 | |
| Right click | 2124 | |
| Select / deselect | 780 | |
| Select group hotkey | 568 | |
| Use ability | 126 | |
3945 total
» units
| Peon | 14 | |
| Troll Headhunter/Berserker | 20 | |
| Demolisher | 7 | |
| Centaur Outrunner | 1 | |
| Harpy Rogue | 1 | |
43 total
» upgrades
| Ranged Weapons | 4 | |
| Armor | 1 | |
| Burning Oil | 1 | |
| Berserker Upgrade | 1 | |
7 total
» buildings
| Barracks | 2 | |
| War Mill | 1 | |
| Orc Burrow | 5 | |
| Altar of Storms | 2 | |
| Voodoo Lounge | 1 | |
| Stronghold | 1 | |
| Watch Tower | 8 | |
| Fortress | 1 | |
21 total
» build order
00:10 Barracks
00:20 War Mill
00:35 Orc Burrow
01:10 Altar of Storms
01:54 Voodoo Lounge
02:29 Orc Burrow
03:57 Stronghold
03:58 Orc Burrow
06:53 Watch Tower
06:55 Watch Tower
07:50 Orc Burrow
08:42 Orc Burrow
10:09 Fortress
16:51 Barracks
22:45 Watch Tower
22:46 Watch Tower
33:27 Altar of Storms
33:31 Watch Tower
33:34 Watch Tower
33:51 Watch Tower
33:55 Watch Tower
» items
| Dust of Appearance | 1 | |
| Scroll of Town Portal | 3 | |
| Potion of Healing | 4 | |
| Healing Salve | 3 | |
| Lesser Clarity Potion | 6 | |
| Orb of Lightning | 2 | |
19 total
Specky. (
orange | 126 APM | 4989 actions | 39:26)
5 Archmage
3 Summon Water Elemental
2 Brilliance Aura
5 Mountain King
3 Storm Bolt
2 Bash
2 Paladin
1 Holy Light
1 Devotion Aura
» actions
| Assign group hotkey | 231 | |
| Basic commands | 151 | |
| Build / train | 109 | |
| ESC pressed | 4 | |
| Enter build submenu | 37 | |
| Enter hero's abilities submenu | 12 | |
| Right click | 2562 | |
| Select / deselect | 545 | |
| Select group hotkey | 1156 | |
| Use ability | 182 | |
4989 total
» units
| Peasant | 13 | |
| Footman | 7 | |
| Razormane Medicine Man | 1 | |
| Dragonhawk Rider | 10 | |
| Goblin Zeppelin | 1 | |
| Gryphon Rider | 7 | |
| Knight | 8 | |
| Siege Engine | 11 | |
58 total
» upgrades
| Lumber Harvesting | 1 | |
| Cloud | 1 | |
| Animal War Training | 1 | |
| Storm Hammers | 1 | |
| Barrage | 2 | |
| Magic Sentry | 1 | |
| Plating | 2 | |
| Armor | 1 | |
10 total
» buildings
| Farm | 12 | |
| Altar of Kings | 1 | |
| Barracks | 1 | |
| Scout Tower | 7 | |
| Arcane Tower | 2 | |
| Keep | 1 | |
| Arcane Vault | 2 | |
| Blacksmith | 1 | |
| Lumber Mill | 1 | |
| Gryphon Aviary | 2 | |
| Castle | 1 | |
| Workshop | 2 | |
| Town Hall | 3 | |
| Guard Tower | 7 | |
| Arcane Sanctum | 1 | |
44 total
» build order
00:09 Farm
00:13 Altar of Kings
00:42 Barracks
01:05 Farm
01:38 Scout Tower
01:41 Farm
01:44 Farm
02:17 Arcane Tower
04:17 Keep
04:51 Farm
05:10 Farm
05:12 Arcane Vault
05:17 Blacksmith
05:48 Lumber Mill
07:06 Gryphon Aviary
07:09 Gryphon Aviary
07:41 Castle
08:02 Farm
09:11 Workshop
09:14 Farm
09:17 Farm
12:11 Farm
17:52 Town Hall
18:11 Town Hall
18:20 Scout Tower
18:22 Scout Tower
18:23 Scout Tower
18:49 Arcane Tower
19:16 Guard Tower
20:37 Guard Tower
20:52 Arcane Sanctum
22:24 Town Hall
25:24 Scout Tower
25:25 Scout Tower
25:26 Scout Tower
26:57 Guard Tower
26:58 Guard Tower
27:03 Guard Tower
27:03 Guard Tower
29:46 Guard Tower
32:31 Workshop
34:09 Arcane Vault
34:21 Farm
34:22 Farm
» items
| Scroll of Regeneration | 2 | |
| Scroll of Town Portal | 4 | |
| Staff of Sanctuary | 1 | |
| Potion of Healing | 3 | |
| Boots of Speed | 1 | |
| Orb of Fire | 1 | |
| Potion of Lesser Invulnerability | 1 | |
| Scroll of Healing | 1 | |
14 total
team 2 (winner)
Birdeneering (
green | 112 APM | 4484 actions | 40:02)
4 Archmage
2 Blizzard
2 Brilliance Aura
4 Mountain King
2 Storm Bolt
2 Bash
» actions
| Assign group hotkey | 534 | |
| Basic commands | 26 | |
| Build / train | 160 | |
| Enter build submenu | 129 | |
| Enter hero's abilities submenu | 9 | |
| Give item / drop item | 4 | |
| Remove unit from queue | 1 | |
| Right click | 2188 | |
| Select / deselect | 376 | |
| Select group hotkey | 732 | |
| Use ability | 325 | |
4484 total
» units
» upgrades
| Masonry | 3 | |
| Magic Sentry | 1 | |
| Lumber Harvesting | 1 | |
5 total
» buildings
| Altar of Kings | 1 | |
| Lumber Mill | 1 | |
| Farm | 4 | |
| Scout Tower | 156 | |
| Arcane Tower | 14 | |
| Guard Tower | 74 | |
| Arcane Vault | 3 | |
| Keep | 3 | |
| Town Hall | 2 | |
| Castle | 1 | |
| Arcane Sanctum | 1 | |
260 total
» build order
00:03 Altar of Kings
00:18 Lumber Mill
00:33 Farm
01:02 Farm
01:25 Scout Tower
01:32 Scout Tower
01:43 Farm
01:49 Scout Tower
01:57 Arcane Tower
01:59 Scout Tower
02:17 Scout Tower
02:18 Arcane Tower
02:18 Arcane Tower
02:21 Arcane Tower
02:21 Arcane Tower
02:21 Arcane Tower
02:25 Guard Tower
02:49 Scout Tower
02:49 Guard Tower
02:53 Scout Tower
02:53 Guard Tower
03:18 Scout Tower
03:21 Scout Tower
03:22 Scout Tower
03:23 Guard Tower
03:26 Guard Tower
03:28 Scout Tower
04:04 Scout Tower
04:04 Guard Tower
04:11 Arcane Tower
04:13 Guard Tower
04:15 Scout Tower
04:16 Scout Tower
04:28 Arcane Vault
04:36 Guard Tower
04:38 Scout Tower
04:49 Keep
04:50 Keep
04:57 Arcane Tower
05:35 Town Hall
05:41 Guard Tower
05:42 Scout Tower
05:45 Scout Tower
05:55 Guard Tower
05:59 Scout Tower
06:09 Guard Tower
06:10 Guard Tower
06:11 Scout Tower
06:31 Scout Tower
06:37 Guard Tower
06:44 Arcane Tower
06:45 Arcane Tower
06:45 Arcane Tower
06:52 Guard Tower
06:53 Scout Tower
06:53 Scout Tower
07:05 Scout Tower
07:06 Scout Tower
07:15 Arcane Vault
07:44 Guard Tower
07:45 Guard Tower
07:48 Scout Tower
07:55 Castle
07:58 Arcane Sanctum
08:16 Guard Tower
08:18 Guard Tower
08:18 Guard Tower
08:20 Scout Tower
08:21 Scout Tower
09:14 Guard Tower
09:18 Farm
09:54 Guard Tower
09:56 Scout Tower
10:09 Scout Tower
10:49 Guard Tower
11:04 Scout Tower
11:08 Guard Tower
11:42 Scout Tower
11:59 Guard Tower
12:08 Scout Tower
12:09 Scout Tower
12:20 Guard Tower
12:38 Guard Tower
12:40 Scout Tower
13:12 Scout Tower
13:13 Guard Tower
13:15 Scout Tower
13:16 Scout Tower
13:22 Scout Tower
13:23 Scout Tower
13:26 Scout Tower
13:27 Scout Tower
13:28 Scout Tower
13:40 Scout Tower
13:41 Scout Tower
13:46 Guard Tower
13:47 Scout Tower
13:52 Scout Tower
13:52 Scout Tower
13:53 Scout Tower
13:53 Scout Tower
13:54 Scout Tower
13:55 Scout Tower
13:55 Scout Tower
13:56 Scout Tower
13:57 Scout Tower
13:58 Scout Tower
13:58 Scout Tower
13:59 Scout Tower
13:59 Scout Tower
14:06 Scout Tower
14:07 Scout Tower
14:08 Scout Tower
14:08 Scout Tower
14:09 Scout Tower
14:10 Scout Tower
14:24 Guard Tower
14:26 Scout Tower
14:26 Scout Tower
14:30 Scout Tower
14:33 Arcane Tower
14:34 Guard Tower
14:40 Scout Tower
14:40 Scout Tower
14:42 Scout Tower
15:13 Guard Tower
15:19 Scout Tower
15:21 Guard Tower
15:29 Scout Tower
15:31 Guard Tower
15:56 Guard Tower
16:13 Guard Tower
16:15 Scout Tower
17:12 Scout Tower
17:14 Scout Tower
17:32 Scout Tower
17:39 Scout Tower
17:48 Guard Tower
17:50 Scout Tower
17:51 Scout Tower
17:53 Guard Tower
17:54 Scout Tower
18:16 Guard Tower
18:19 Scout Tower
18:20 Scout Tower
18:22 Guard Tower
18:25 Guard Tower
18:33 Scout Tower
18:36 Scout Tower
18:38 Scout Tower
18:43 Scout Tower
18:46 Guard Tower
18:48 Scout Tower
18:54 Guard Tower
19:14 Guard Tower
19:17 Scout Tower
19:21 Scout Tower
19:23 Scout Tower
19:24 Scout Tower
19:25 Scout Tower
19:39 Guard Tower
19:49 Arcane Tower
20:09 Guard Tower
20:15 Guard Tower
20:15 Guard Tower
20:15 Guard Tower
21:19 Guard Tower
23:04 Scout Tower
23:05 Scout Tower
23:06 Scout Tower
23:06 Scout Tower
23:08 Scout Tower
23:09 Scout Tower
23:09 Scout Tower
23:21 Scout Tower
23:22 Scout Tower
23:23 Scout Tower
23:47 Guard Tower
23:49 Scout Tower
23:49 Scout Tower
23:50 Scout Tower
23:53 Scout Tower
23:53 Scout Tower
23:55 Guard Tower
24:39 Scout Tower
24:40 Scout Tower
24:47 Guard Tower
24:51 Scout Tower
24:52 Scout Tower
24:55 Scout Tower
24:56 Scout Tower
25:01 Guard Tower
27:15 Guard Tower
28:09 Scout Tower
28:11 Scout Tower
29:56 Scout Tower
29:57 Scout Tower
31:32 Guard Tower
31:35 Scout Tower
31:35 Scout Tower
31:36 Scout Tower
31:41 Guard Tower
31:48 Scout Tower
32:19 Guard Tower
32:28 Town Hall
32:31 Scout Tower
32:32 Scout Tower
32:32 Scout Tower
32:33 Scout Tower
32:33 Scout Tower
32:34 Scout Tower
32:36 Scout Tower
32:37 Scout Tower
32:40 Scout Tower
32:41 Scout Tower
32:42 Scout Tower
32:42 Scout Tower
32:44 Scout Tower
32:44 Scout Tower
32:51 Guard Tower
32:53 Scout Tower
32:54 Scout Tower
33:03 Arcane Tower
33:06 Guard Tower
33:22 Guard Tower
34:01 Guard Tower
34:04 Scout Tower
34:05 Scout Tower
34:06 Scout Tower
34:07 Scout Tower
34:08 Scout Tower
34:08 Scout Tower
34:14 Scout Tower
34:14 Scout Tower
34:16 Scout Tower
34:24 Guard Tower
34:43 Guard Tower
34:45 Guard Tower
34:52 Scout Tower
34:53 Scout Tower
34:54 Scout Tower
34:55 Scout Tower
34:56 Scout Tower
34:59 Guard Tower
35:17 Guard Tower
35:43 Guard Tower
35:45 Guard Tower
36:28 Guard Tower
36:37 Guard Tower
38:01 Guard Tower
38:07 Scout Tower
38:24 Guard Tower
38:26 Scout Tower
38:27 Scout Tower
38:31 Arcane Vault
38:33 Scout Tower
38:34 Scout Tower
» items
| Healing Salve | 3 | |
| Scroll of Regeneration | 2 | |
| Orb of Lightning | 2 | |
| Staff of Sanctuary | 2 | |
| Boots of Speed | 2 | |
| Staff of Teleportation | 2 | |
| Periapt of Vitality | 1 | |
14 total
iim7b5V7i (
yellow | 93 APM | 3720 actions | 40:03)
7 Blademaster
3 Wind Walk
3 Critical Strike
1 Bladestorm
» actions
| Assign group hotkey | 334 | |
| Basic commands | 9 | |
| Build / train | 78 | |
| ESC pressed | 3 | |
| Enter build submenu | 80 | |
| Enter hero's abilities submenu | 7 | |
| Give item / drop item | 7 | |
| Right click | 1976 | |
| Select / deselect | 487 | |
| Select group hotkey | 331 | |
| Use ability | 408 | |
3720 total
» units
| Peon | 14 | |
| Troll Batrider | 16 | |
| Raider | 2 | |
32 total
» upgrades
| Spiked Barricades | 1 | |
| Armor | 1 | |
| Ranged Weapons | 3 | |
| Liquid Fire | 1 | |
| Ensnare | 1 | |
7 total
» buildings
| Altar of Storms | 1 | |
| Orc Burrow | 4 | |
| War Mill | 1 | |
| Watch Tower | 78 | |
| Voodoo Lounge | 7 | |
| Stronghold | 3 | |
| Fortress | 4 | |
| Beastiary | 2 | |
100 total
» build order
00:04 Altar of Storms
00:07 Orc Burrow
00:18 War Mill
01:38 Orc Burrow
01:43 Watch Tower
02:10 Watch Tower
03:03 Watch Tower
03:11 Watch Tower
03:34 Voodoo Lounge
03:36 Voodoo Lounge
03:53 Stronghold
03:53 Stronghold
03:53 Stronghold
04:10 Watch Tower
04:16 Watch Tower
05:09 Watch Tower
05:18 Watch Tower
05:38 Watch Tower
06:11 Voodoo Lounge
06:13 Voodoo Lounge
06:20 Watch Tower
06:22 Watch Tower
06:45 Watch Tower
07:00 Voodoo Lounge
07:02 Voodoo Lounge
07:03 Fortress
07:03 Fortress
07:03 Fortress
07:35 Watch Tower
07:35 Watch Tower
07:51 Watch Tower
07:58 Beastiary
07:58 Beastiary
08:23 Orc Burrow
09:10 Watch Tower
09:11 Watch Tower
09:11 Watch Tower
09:19 Voodoo Lounge
10:10 Orc Burrow
14:01 Watch Tower
18:53 Watch Tower
18:54 Watch Tower
18:54 Watch Tower
18:56 Watch Tower
18:56 Watch Tower
18:59 Watch Tower
19:00 Watch Tower
19:22 Watch Tower
19:24 Watch Tower
20:00 Watch Tower
20:00 Watch Tower
21:18 Watch Tower
21:19 Watch Tower
21:19 Watch Tower
21:22 Watch Tower
21:22 Watch Tower
21:23 Watch Tower
21:23 Watch Tower
21:24 Watch Tower
21:24 Watch Tower
22:43 Watch Tower
22:44 Watch Tower
22:44 Watch Tower
22:45 Watch Tower
22:45 Watch Tower
24:09 Watch Tower
24:11 Watch Tower
24:12 Watch Tower
24:13 Watch Tower
24:14 Watch Tower
24:15 Watch Tower
24:16 Watch Tower
24:19 Watch Tower
24:20 Watch Tower
25:26 Watch Tower
25:27 Watch Tower
25:28 Watch Tower
25:28 Watch Tower
25:30 Watch Tower
25:30 Watch Tower
25:32 Watch Tower
25:32 Watch Tower
25:35 Watch Tower
25:35 Watch Tower
25:37 Watch Tower
25:38 Watch Tower
25:38 Watch Tower
25:39 Watch Tower
25:40 Watch Tower
25:41 Watch Tower
30:12 Watch Tower
30:13 Watch Tower
30:14 Watch Tower
30:15 Watch Tower
30:16 Watch Tower
33:21 Watch Tower
33:21 Watch Tower
33:22 Watch Tower
33:23 Watch Tower
» items
| Boots of Speed | 1 | |
| Staff of Teleportation | 1 | |
| Healing Salve | 4 | |
| Lesser Clarity Potion | 9 | |
| Orb of Lightning | 1 | |
| Potion of Healing | 1 | |
17 total
nutsonyochin.de (
teal | 104 APM | 4155 actions | 40:02)
6 Warden
3 Shadow Strike
3 Blink
» actions
| Assign group hotkey | 9 | |
| Basic commands | 16 | |
| Build / train | 66 | |
| ESC pressed | 2 | |
| Enter build submenu | 33 | |
| Enter hero's abilities submenu | 6 | |
| Give item / drop item | 1 | |
| Right click | 3198 | |
| Select / deselect | 174 | |
| Select group hotkey | 425 | |
| Use ability | 223 | |
4155 total
» units
» upgrades
| Ultravision | 1 | |
| Nature's Blessing | 1 | |
| Well Spring | 1 | |
| Strength of the Wild | 3 | |
| Reinforced Hides | 3 | |
9 total
» buildings
| Altar of Elders | 2 | |
| Moon Well | 26 | |
| Tree of Ages | 3 | |
| Hunter's Hall | 1 | |
| Tree of Life | 2 | |
| Tree of Eternity | 1 | |
| Ancient of Wonders | 2 | |
| Ancient of Wind | 1 | |
38 total
» build order
00:06 Altar of Elders
00:10 Moon Well
00:11 Altar of Elders
02:04 Moon Well
04:55 Moon Well
04:55 Moon Well
05:04 Moon Well
05:27 Tree of Ages
05:27 Tree of Ages
06:24 Hunter's Hall
08:14 Tree of Life
08:54 Tree of Eternity
09:12 Moon Well
09:56 Ancient of Wonders
11:39 Moon Well
11:41 Moon Well
11:43 Moon Well
14:17 Tree of Life
14:47 Ancient of Wind
16:30 Moon Well
16:30 Moon Well
16:33 Moon Well
16:34 Moon Well
18:22 Moon Well
18:22 Moon Well
18:23 Moon Well
19:38 Ancient of Wonders
29:16 Moon Well
29:17 Moon Well
29:18 Moon Well
29:19 Moon Well
29:20 Moon Well
29:21 Moon Well
29:22 Moon Well
29:23 Moon Well
29:24 Moon Well
29:25 Moon Well
» items
| Staff of Teleportation | 1 | |
| Boots of Speed | 1 | |
| Orb of Venom | 1 | |
| Potion of Healing | 1 | |
4 total
Chat log
(00:46 / All) nutsonyochin.de: Hail And Well Met
(00:49 / All) krokox: geeeeeeeeeeeeeeeeeeegeeeeeeeeeeeee
(16:40 / All) Birdeneering: Papow!!!
(23:28 / All) Birdeneering: guys wait
(23:29 / All) Specky.: play for stats or for fun?
(23:33 / All) Birdeneering: manner up!!
(23:35 / All) Specky.: stfu
(23:44 / All) Birdeneering: u have to w8 this is importanté
(23:45 / All) Specky.: forget it
(24:07 / All) Birdeneering: I wanted to share with you the secrets
(24:10 / All) Birdeneering: of not losing to towers
(24:22 / All) Birdeneering: but I guess it would be pearls before swinge anyway...
(24:36 / All) nutsonyochin.de: i'll never real the tower secret
(24:40 / All) nutsonyochin.de: ReVeAl
(24:52 / All) smoOFY: KAMELLE
(25:15 / All) Birdeneering: Hey nooblords how u doing?
(26:09 / All) Birdeneering: thx
(26:18 / All) Birdeneering: Free kills yumyum
(27:02 / All) Birdeneering: did you know: berserkers are shit from dogs?
(27:09 / All) Birdeneering: thx for making them...
(27:18 / All) iim7b5V7i: thx for being birds
(27:20 / All) iim7b5V7i: birds of the noobe
(27:20 / All) smoOFY: shit from dogs ?
(27:23 / All) smoOFY: haha
(27:25 / All) smoOFY: fucking idiot
(27:31 / All) iim7b5V7i: who is winning. and who is loseing
(27:33 / All) iim7b5V7i: and who is the idiote.
(28:27 / All) Birdeneering: good job orange
(28:30 / All) Birdeneering: JOKE
(29:30 / All) Birdeneering: why did you make dragoon hawk riders when you are too dumb to cloud you clod
(29:39 / All) iim7b5V7i: hyperclodriac
(35:10 / All) Birdeneering: hey smoofy
(35:12 / All) Birdeneering: U here?
(35:22 / All) smoOFY: nope at ya mamÄ
(35:24 / All) nutsonyochin.de: i told him to come back
(35:25 / All) nutsonyochin.de: im in a game
(35:25 / All) Birdeneering: do you need gold??
(35:26 / All) nutsonyochin.de: pls
(35:36 / All) nutsonyochin.de: this is second time..i cnat make pizza man come back a THIRD time can i?!?!
(35:46 / All) nutsonyochin.de: brb
(35:50 / All) nutsonyochin.de: hold on
(36:26 / All) Birdeneering: peace
(36:31 / All) Birdeneering: u noob orange?
(36:38 / All) iim7b5V7i: they all noob let's be honest xd
(36:41 / All) Specky.: i think u are
(36:42 / All) nutsonyochin.de: xdd
(36:44 / All) Specky.: go play 1on1
(36:45 / All) Birdeneering: I think
(36:48 / All) Specky.: kick ja fucking shit ass
(36:49 / All) nutsonyochin.de: brb
(36:50 / All) Birdeneering: you're not very good
(37:01 / All) Specky.: lol
(37:03 / All) Specky.: but you
(37:04 / All) Specky.: ...
(37:09 / All) Specky.: shit nap
(37:23 / All) Birdeneering: mmm free win
(37:28 / All) nutsonyochin.de: thats what i have after ur mom keeps me up...all night....
(37:40 / All) nutsonyochin.de: then she wakes me up again 30 min later...uit was a shit nap...
(37:49 / All) Specky.: blablabla
(37:50 / All) Birdeneering: usually it's a lot harder to win with only towers
(37:53 / All) Birdeneering: but you're so stupid
(37:59 / All) Birdeneering: it was "smooth sailing" little sailor joke
(39:03 / All) Birdeneering: terrible ide anoob orange
(39:06 / All) Birdeneering: you suck damn
(39:27 / All) Birdeneering: another free win for clan towa
(39:29 / All) Birdeneering: www.highper.ch
(39:31 / All) Birdeneering: Orange was terrible
(39:33 / All) Birdeneering: www.highper.ch
(39:37 / All) Birdeneering: www.highper.ch